 Dungeon Crawl Stone Soup version 0.29-a0-577-gafbf2c5d25 (webtiles) character file.

Game seed: 9186381638299161048

69 blackman the Sneak (level 4, -2/35 HPs)
             Began as a Human Delver on June 13, 2022.
             Was an Initiate of Qazlal.
             Slain by an orc
             ... wielding a +0 falchion
              (4 damage)
             ... on level 3 of the Dungeon.
             The game lasted 00:12:17 (3414 turns).

blackman the Sneak (Human Delver)                   Turns: 3414, Time: 00:12:18

Health: -2/35      AC:  3    Str: 14    XL:     4   Next: 42%
Magic:  4/4        EV: 12    Int: 10    God:    Qazlal [......]
Gold:   186        SH:  0    Dex: 23    Spells: 3/3 levels left

rFire   . . .      SeeInvis .   f - +5 spear of Discretion {vorpal, *Slow rElec Dex+8 Stlth+}
rCold   . . .      Faith    .   (no shield)
rNeg    + . .      Spirit   .   b - +0 leather armour
rPois   .          Reflect  .   (no helmet)
rElec   +          Harm     .   (no cloak)
rCorr   .          Rampage  .   (no gloves)
Will    .....                   (no boots)
Stlth   ++........              (no amulet)
HPRegen 0.11/turn               s - ring of positive energy
MPRegen 0.09/turn               (no ring)

@: confused
A: no striking features
a: Renounce Religion


You were on level 3 of the Dungeon.
You worshipped Qazlal.
Qazlal was noncommittal.
You visited 1 branch of the dungeon, and saw 5 of its levels.

You collected 186 gold pieces.

Inventory:

Hand Weapons
 a - a +0 hand axe
 f - the +5 spear of Discretion (weapon) {vorpal, *Slow rElec Dex+8 Stlth+}
   (You found it on level 2 of the Dungeon)

   It inflicts extra damage upon your enemies.
   Dex:       It affects your dexterity (+8).
   rElec:     It insulates you from electricity.
   *Slow:     It may slow you when you take damage.
   Stlth:     It makes you more stealthy.
 k - a +0 hunting sling
Missiles
 o - 2 poisoned darts (quivered)
Armour
 b - a +0 leather armour (worn)
 d - an orb of wrath
Jewellery
 q - a ring of protection from fire
 s - a ring of positive energy (left hand)
Wands
 g - a wand of digging (3)
Scrolls
 c - a scroll of fog
 h - 3 scrolls of identify {unknown}
 i - a scroll of amnesia {unknown}
 j - a scroll of blinking {unknown}
 l - 2 scrolls of enchant armour {unknown}
 m - a scroll of noise {unknown}
 n - a scroll of poison {unknown}
 p - a scroll of enchant weapon {unknown}
Potions
 r - a potion of lignification {unknown}


   Skills:
 - Level 3.0 Fighting
 - Level 4.0(4.1) Axes
 * Level 1.3(2.9) Polearms
 - Level 2.0 Dodging
 - Level 5.0 Stealth


You had 3 spell levels left.
You didn't know any spells.
Your spell library contained the following spells:

 Spells                   Type           Power      Damage    Failure   Level
 Fireball                 Conj/Fire      0%         3d3       100%        5
 Iskenderun's Battlesphe  Conj           0%         2d6       100%        5
 Conjure Ball Lightning   Conj/Air       0%         3x3d6     100%        6
 Orb of Destruction       Conj           0%         9d5       100%        7


Dungeon Overview and Level Annotations

Branches:
Dungeon (5/15)
 Temple: D:4-7

Altars:
Dithmenos
Nemelex Xobeh
Qazlal

Shops:
D:5 *

Annotations:
D:4 Eustachio


Message History

Qazlal accepts your kill.
You hear some strange, mumbled words.
A puff of flame appears from out of thin air!
The puff of flame hits you.
The orc throws a boomerang.
The boomerang hits you. Something hits you.
Items here: )) [[.
You puncture something! You closely miss something.
An orc comes into view. It is wielding a +0 whip.
The orc throws a boomerang.
The boomerang closely misses you.
The orc wizard gestures at you while chanting.
The magic dart hits something.
Something hits you.
* * * LOW HITPOINT WARNING * * *
Something hits you.
* * * LOW HITPOINT WARNING * * *
The orc throws a boomerang.
The boomerang hits you.
* * * LOW HITPOINT WARNING * * *
As you read the scroll of fear, it crumbles to dust.
You assume a fearsome visage.
The orc wizard looks frightened!
The orc looks frightened!
The orc wizard gestures wildly while chanting.
The orc wizard flickers and vanishes!
You are confused.
A puff of flame appears from out of thin air!
The puff of flame hits you.
* * * LOW HITPOINT WARNING * * *
You are too confused!
You are too confused!
Your magical effects are unravelling.
You feel magically purged.
You feel less confused.
As you read the scroll of fear, it crumbles to dust.
You assume a fearsome visage.
The orc looks frightened! x2
The orc shouts!
You hear some strange, mumbled words.
You are confused.
You miss something.
You bump into the rock wall.
You bump into the rock wall.
The orc attacks as you move away! The orc hits you with a +0 falchion.
You die...

#o## ##.#P.P.P.PPP.P### .o.
#...P...P.....P...
#o######...P.PPPPP.P.P...
#oo).......P.P...P.P.P...
########..#P.P.P.PPP.P...
#..#P...P.P...P...
#...PPPPP.PPP.P...
########o..P.........P... #
........@..PPP.PPPPPPP...
###.########.##..............
.............#..........####
#.#####..####..........#
#.#.....#..####..........#
#.....#.#................#
#.#####.#...#####..........#
#.......##########.#########
######..# #......#


You could see an orc.

Vanquished Creatures
  An adder (D:2)
  2 dart slugs (D:1)
  3 orcs (D:3)
  5 endoplasms
  A giant cockroach (D:1)
  7 hobgoblins
  6 kobolds
  5 quokkas
  6 ball pythons (D:1)
  3 bats
  3 goblins
  6 rats
48 creatures vanquished.

Notes
Turn   | Place    | Note
-------+----------+-------------------------------------------
     0 | D:5      | blackman the Human Delver began the quest for the Orb.
     0 | D:5      | Reached XP level 1. HP: 18/18 MP: 1/1
     2 | D:5      | Found Cieghek's Lightly-Used Armoury.
     4 | D:5      | Noticed an iguana
     4 | D:5      | Noticed a gnoll sergeant
    53 | D:4      | Noticed Eustachio
   508 | D:2      | Reached XP level 2. HP: 12/24 MP: 2/2
   801 | D:2      | Identified the +5 spear of Discretion {vorpal, *Slow rElec
                  | Dex+8 Stlth+}
  1227 | D:1      | Reached XP level 3. HP: 29/29 MP: 3/3
  1503 | D:1      | Found a faded altar of an unknown god.
  1514 | D:1      | Prayed at the altar of an unknown god.
  1514 | D:1      | Became a worshipper of Dithmenos the Shadowed
  1514 | D:1      | Reached * piety under Dithmenos
  1515 | D:1      | Fell from the grace of Dithmenos
  2358 | D:2      | Reached XP level 4. HP: 35/35 MP: 4/4
  2618 | D:2      | Found a stormy altar of Qazlal.
  2625 | D:2      | Became a worshipper of Qazlal Stormbringer
  2677 | D:2      | Reached skill level 1 in Polearms
  3219 | D:3      | Found a sparkling altar of Nemelex Xobeh.
  3404 | D:3      | HP: 1/35 [something/puff of flame (6)]
  3414 | D:3      | Slain by an orc

Illustrated notes

Levels and vault maps discovered:
D:1:      ncdulo_lavacross, layout_basic, basic_ecumenical_altar,
          minmay_misc_feat_plants, hangedman_decor_push, minmay_misc_feat_iff,
          moated_statue
D:2:      layout_basic, basic_altar
D:3:      layout_basic, lemuel_doored_altar, grunt_decor_arrowhead,
          minmay_hedge_maze, feat_on_display
D:4:      layout_basic, chequers_temple_overflow_statue_of_worship,
          minmay_temple_entry_junction, minmay_pentomino_pile, uniq_eustachio
D:5:      layout_basic, minmay_shop_damaged, minmay_misc_feat_more_columns,
          solitary_fountain

Skill      XL: |  1  2  3  4 |
---------------+-------------+-----
Axes           | 3 4 |  4.0
Polearms       | 1 |  1.3
Fighting       | |  3.0
Dodging        | |  2.0
Stealth        | |  5.0

Action                   |  1- 3 |  4- 6 || total
-------------------------+-------+-------++-------
Melee: Hand axe          |    19 |       ||    19
       Spear             |    41 |    29 ||    70
Invok: Renounce Religion |     1 |       ||     1
  Use: Potion            |     2 |     1 ||     3
       Scroll            |     1 |     2 ||     3
 Stab: Sleeping          |    15 |     7 ||    22
Armor: Leather armour    |     8 |     1 ||     9
Dodge: Dodged            |    20 |     6 ||    26

Table legend: (Time is in decaauts)
 A = Elapsed time spent in this place.
 B = Non-inter-level travel time spent in this place.
 C = Inter-level travel time spent in this place.
 D = Time resting spent in this place.
 E = Time spent auto-exploring this place.
 F = Levels seen in this place.
 G = Mean time per level.
                   A        B        C        D        E       F      G
               +--------+--------+--------+--------+--------+-----+--------+
         Total |   3498 |   3197 |    301 |    476 |   2041 |   5 |  699.6 |
       Dungeon |   3498 |   3197 |    301 |    476 |   2041 |   5 |  699.6 |
               +--------+--------+--------+--------+--------+-----+--------+

Top non-repeatable levels by time:
     D:1: 1403 daAuts
     D:2: 1351 daAuts
     D:3: 519 daAuts
     D:4: 213 daAuts
     D:5: 11 daAuts
